 Dungeon Crawl Stone Soup version 0.18.1-2-ga659475 (webtiles) character file.

454 HungrySpirit the Cudgeler (level 7, 0/50 HPs)
             Began as a Formicid Ice Elementalist on May 8, 2016.
             Was a Follower of Okawaru.
             Succumbed to Eustachio's poison
             ... on level 4 of the Dungeon.
             The game lasted 00:08:07 (4959 turns).

HungrySpirit the Cudgeler (FoIE)                    Turns: 4959, Time: 00:08:07

Health: 0/50       AC:  5    Str: 15    XL:     7   Next: 26%
Magic:  3/10       EV: 11    Int: 18    God:    Okawaru [*.....]
Gold:   93         SH:  0    Dex: 11    Spells: 1 memorised, 9 levels left

rFire  . . .     SeeInvis +     s - +0 flail
rCold  . . .     Gourm    .     h - +1 leather armour
rNeg   . . .     Faith    .     (no shield)
rPois  .         Spirit   .     (helmet unavailable)
rElec  .         Dismiss  .     (no cloak)
rCorr  .         Reflect  .     x - +0 pair of gloves
SustAt .         Harm     .     (no boots)
MR     .....                    (no amulet)
Stlth  +.........               (no ring)
                                i - +4 ring of intelligence

@: lethally poisoned (0 -> -38), heavily drained, not resistant to hostile
enchantments, very unstealthy
A: permanent stasis, dig shafts and tunnels, four strong arms, antennae 3
a: Dig, Shaft Self, Heroism, Renounce Religion


You were on level 4 of the Dungeon.
You worshipped Okawaru.
Okawaru was aware of your devotion.
You were not hungry.

You visited 1 branch of the dungeon, and saw 4 of its levels.

You collected 93 gold pieces.

Inventory:

Hand Weapons
 s - a +0 flail (weapon)
Missiles
 o - 4 javelins (quivered)
Armour
 h - a +1 leather armour (worn)
 x - a +0 pair of gloves (worn)
Jewellery
 i - a +4 ring of intelligence (left hand)
Wands
 q - a wand of slowing (16/48)
Scrolls
 j - 2 scrolls of remove curse
 p - a scroll of teleportation
 u - a scroll of fog {unknown}
Potions
 e - 2 potions of degeneration {unknown}
 v - a potion of magic {unknown}
Books
 a - a book of Misfortune

   Spells                             Type                      Level
   a - Confusing Touch                Hexes                        2
   b - Confuse                        Hexes                        3
   c - Gell's Gravitas                Hexes/Translocation          3
   d - Petrify                        Transmutation/Earth          4
   e - Metabolic Englaciation         Hexes/Ice                    5
   f - Yara's Violent Unravelling     Hexes/Transmutation          5
 b - a book of Frost

   Spells                             Type                      Level
   a - Freeze                         Ice                          1
   b - Throw Frost                    Conjuration/Ice              2
   c - Ozocubu's Armour               Charms/Ice                   3
   d - Throw Icicle                   Conjuration/Ice              4
   e - Summon Ice Beast               Ice/Summoning                4
 t - a book of Spatial Translocations

   Spells                             Type                      Level
   a - Apportation                    Translocation                1
   b - Blink                          Translocation                2
   c - Shroud of Golubria             Charms/Translocation         2
   d - Portal Projectile              Translocation                3
   e - Teleport Other                 Translocation                3
   f - Passage of Golubria            Translocation                4
Miscellaneous
 f - a plain deck of summoning
Comestibles
 c - 2 bread rations
 d - a meat ration
 g - a royal jelly
 l - 2 chunks of flesh
 m - 2 beef jerkies
 r - a slice of pizza


   Skills:
 - Level 2.1(0.6) Fighting
 * Level 6.6(5.0) Maces & Flails
 - Level 1.7(0.3) Dodging
 - Level 2.4(0.9) Stealth
 - Level 2.1(0.7) Spellcasting
   Level 0.8(0.0) Conjurations
 - Level 3.0(1.5) Ice Magic


You had 9 spell levels left.
You knew the following spells:

 Your Spells              Type           Power        Failure   Level  Hunger
a - Freeze                Ice            #...         14%         1    ##.....


Dungeon Overview and Level Annotations

Branches:
Dungeon (4/15)
 Temple: D:4-7

Altars:
Nemelex Xobeh
Okawaru

Annotations:
D:4 Eustachio


Innate Abilities, Weirdness & Mutations

You are under a permanent stasis effect.
You can dig through walls and to a lower floor.
Your four strong arms can wield two-handed weapons with a shield.
You have a pair of large antennae on your head (SInv).


Message History

Casting: Freeze
Confirm with . or Enter, or press ? or * to list all spells.
Aiming: Freeze
Press: ? - help, Shift-Dir - straight line, f/p - Eustachio
Aim: Eustachio, wielding a rapier of venom and wearing a leather armour (almost dead)
You freeze Eustachio.
Eustachio is almost dead.
* * * LOW HITPOINT WARNING * * *
You feel very sick.
Eustachio hits you with a rapier of venom!
* * * LOW HITPOINT WARNING * * *
Casting: Freeze
Confirm with . or Enter, or press ? or * to list all spells.
Aiming: Freeze
Press: ? - help, Shift-Dir - straight line, f/p - Eustachio
Aim: Eustachio, wielding a rapier of venom and wearing a leather armour (almost dead)
Okay, then.
Drink which item? (? for menu, Esc to quit)
It was a potion of cure mutation.
It has a very clean taste.
You die...

#........
......)#
......## ......
. ..!.# ### ...
...#...#.
.....##........
......@@..^....
..$...#..?.....
..... .........
.... #.........
... #.###.####
.. #. .. # #.
## #.


You could see Eustachio.

Vanquished Creatures
  Grinder (D:3)
  A wight (D:3)
  An orc priest (D:3)
  An orc wizard (D:3)
  Robin (D:3)
  An adder (D:3)
  4 gnolls (D:3)
  2 worms
  2 dart slugs (D:2)
  9 orcs (D:3)
  A ball python (D:1)
  11 bats
  3 giant cockroaches
  25 goblins
  16 hobgoblins
  2 giant newts (D:3)
  8 kobolds
  8 rats
97 creatures vanquished.

Notes
Turn   | Place    | Note
--------------------------------------------------------------
     0 | D:1      | HungrySpirit the Formicid Ice Elementalist began the quest for the Orb.
     0 | D:1      | Reached XP level 1. HP: 13/13 MP: 3/3
   187 | D:1      | Reached skill level 1 in Fighting
   263 | D:1      | Reached XP level 2. HP: 19/21 MP: 5/5
   432 | D:1      | Found a sparkling altar of Nemelex Xobeh.
   679 | D:1      | Reached skill level 1 in Maces & Flails
   688 | D:1      | Reached XP level 3. HP: 27/27 MP: 6/6
  1227 | D:2      | Reached skill level 2 in Maces & Flails
  1610 | D:2      | Reached XP level 4. HP: 22/33 MP: 5/7
  2227 | D:3      | Reached skill level 3 in Maces & Flails
  2371 | D:3      | Reached XP level 5. HP: 23/38 MP: 0/8
  2950 | D:3      | Reached skill level 4 in Maces & Flails
  3744 | D:3      | Found an iron altar of Okawaru.
  3799 | D:3      | Became a worshipper of Warmaster Okawaru
  3932 | D:3      | Noticed Robin
  3990 | D:3      | Reached XP level 6. HP: 37/44 MP: 9/9
  4067 | D:3      | Noticed Grinder
  4099 | D:3      | Killed Grinder
  4099 | D:3      | Reached * piety under Okawaru
  4099 | D:3      | Reached skill level 6 in Maces & Flails
  4099 | D:3      | Reached XP level 7. HP: 50/50 MP: 10/10
  4740 | D:3      | Killed Robin
  4796 | D:4      | Noticed Eustachio
  4959 | D:4      | Succumbed to Eustachio's poison

Skill      XL: |  1  2  3  4  5  6 |
---------------+-------------------+-----
Fighting       | 1 2 |  2.1
Maces & Flails | 1 2 3 4 6 |  6.6
Dodging        | |  1.7
Stealth        | |  2.4
Spellcasting   | |  2.1
Conjurations   | |  0.8
Ice Magic      | |  3.0

Action                   |  1- 3 |  4- 6 |  7- 9 || total
-------------------------+-------+-------+-------++-------
Melee: Unarmed           |    20 |       |       ||    20
       Club              |    20 |       |       ||    20
       Whip              |   120 |    97 |       ||   217
       Flail             |       |    84 |    65 ||   149
Throw: Javelin           |     4 |     1 |       ||     5
 Cast: Freeze            |    17 |    14 |     8 ||    39
 Abil: Dig               |       |     3 |       ||     3
  Use: Scroll            |     2 |     3 |       ||     5
       Potion            |       |     1 |     1 ||     2
 Stab: Sleeping          |     1 |     1 |       ||     2
  Eat: Chunk             |     2 |     8 |     3 ||    13
       Pizza             |       |     1 |       ||     1
Armor: Robe              |    13 |       |       ||    13
       Leather armour    |    58 |    47 |    31 ||   136
       Skin              |       |    10 |       ||    10
Dodge: Dodged            |   131 |   108 |    67 ||   306
